 Dungeon Crawl Stone Soup version 0.23.2-1-ga50397a6bc (webtiles) character file.

Game seed: 16187875218553952877

3562 Kobolds4U the Cleaver (level 9, 0/85 HPs)
             Began as a Minotaur Fighter on Apr 24, 2019.
             Was a Believer of Wu Jian.
             Killed from afar by a gargoyle (13 damage)
             ... with a stone arrow
             ... on level 8 of the Dungeon.
             The game lasted 00:11:52 (6713 turns).

Kobolds4U the Cleaver (Minotaur Fighter)            Turns: 6713, Time: 00:11:52

Health: 0/85       AC: 17    Str: 21    XL:     9   Next: 83%
Magic:  17/17      EV:  8    Int: 10    God:    Wu Jian [**....]
Gold:   424        SH:  9    Dex: 13    Spells: 8/8 levels left

rFire    . . .     SeeInvis +   a - +0 war axe
rCold    x . .     Gourm    +   c - +0 shield
rNeg     . . .     Faith    .   A - +5 ring mail of Chill Winds {rC- rCorr Int+5 SInv}
rPois    .         Spirit   .   (helmet restricted)
rElec    .         Reflect  .   N - +0 cloak (curse)
rCorr    +         Harm     .   x - +1 pair of gloves
MR       .....                  i - +0 pair of boots
Stlth    +.........             j - amulet of the gourmand
HPRegen  0.24/turn              E - ring of magical power
MPRegen  0.15/turn              (no ring)

@: no status effects
A: retaliatory headbutt, horns 2
a: Wall Jump, Renounce Religion


You were on level 8 of the Dungeon.
You worshipped Wu Jian.
Wu Jian was pleased with you.
You were very full.

You visited 1 branch of the dungeon, and saw 8 of its levels.

You collected 424 gold pieces.

Inventory:

Hand Weapons
 a - a +0 war axe (weapon)
 e - a +0 hunting sling
 H - the +4 mace of the Unkillable {pain, rC+ Int+6}
   (You found it on level 7 of the Dungeon)

   In the hands of one skilled in necromantic magic, it inflicts extra damage on
   living creatures.
   It affects your intelligence (+6).
   It protects you from cold.
Missiles
 w - 53 sling bullets
 D - 7 tomahawks (quivered)
 J - 2 javelins
Armour
 b - a +0 scale mail
 c - a +0 shield (worn)
 i - a +0 pair of boots (worn)
 l - a +0 chain mail
 x - a +1 pair of gloves (worn)
 A - the +5 ring mail of Chill Winds (worn) {rC- rCorr Int+5 SInv}
   (You found it on level 5 of the Dungeon)

   It affects your intelligence (+5).
   It makes you vulnerable to cold.
   It lets you see invisible.
   It provides partial protection from all sources of acid and corrosion.
 B - a +0 plate armour
 N - a cursed +0 cloak (worn)
Jewellery
 j - an amulet of the gourmand (around neck)
 o - an uncursed amulet of harm
 E - a ring of magical power (left hand)
Wands
 G - a wand of paralysis (11)
 I - a wand of iceblast (19)
 K - a wand of digging (3)
 O - a wand of flame (18)
Scrolls
 h - 4 scrolls of teleportation {unknown}
 n - 2 scrolls of enchant weapon {unknown}
 p - 3 scrolls of remove curse {unknown}
 q - 8 scrolls of identify {unknown}
 r - a scroll of immolation {unknown}
 u - 3 scrolls of fog {unknown}
 v - a scroll of random uselessness {unknown}
 y - a scroll of fear {unknown}
 z - a scroll of amnesia {unknown}
Potions
 d - a potion of might
 g - 3 potions of lignification {unknown}
 k - a potion of degeneration {unknown}
 m - 3 potions of curing
 s - a potion of flight {unknown}
 t - 3 potions of heal wounds {unknown}
 C - a potion of agility {unknown}
 F - a potion of resistance {unknown}
 L - a potion of cancellation {unknown}
 M - 2 potions of magic {unknown}
Comestibles
 f - 12 rations
 P - 5 chunks of flesh


   Skills:
 - Level 10.0 Fighting
 + Level 10.5 Axes
 * Level 10.2 Armour
 - Level 3.6 Shields


You had 8 spell levels left.
You didn't know any spells.
Your spell library contained the following spells:

 Spells                   Type           Power        Failure   Level  Hunger
 Animate Skeleton         Necr           N/A          94%         1    ##.....
 Apportation              Tloc           #.....       94%         1    ##.....
 Beastly Appendage        Tmut           #.....       94%         1    ##.....
 Confusing Touch          Hex            #.....       94%         1    ##.....
 Summon Small Mammal      Summ           #...         94%         1    ##.....
 Sticks to Snakes         Tmut           #.......     98%         2    ###....
 Spider Form              Tmut/Pois      #.........   100%        3    ####...
 Ice Form                 Ice/Tmut       #.......     100%        4    #####..
 Blade Hands              Tmut           #.........   100%        5    ######.


Dungeon Overview and Level Annotations

Branches:
Dungeon (8/15)             Temple (0/1) D:7
   Lair: D:8-11

Altars:
Dithmenos
Okawaru
Qazlal
Vehumet
Wu Jian
Xom
Yredelemnul
Zin
The Shining One


Innate Abilities, Weirdness & Mutations

You reflexively headbutt those who attack you in melee.
You have a pair of horns on your head.


Message History

You hit the gargoyle but do no damage.
The gargoyle is heavily damaged.
You hit the centaur zombie.
You destroy the centaur zombie!
The Council accepts your kill. The orc hits you but does no damage.
The gargoyle hits you with a +0 morningstar!
* * * LOW HITPOINT WARNING * * *
You hit the gargoyle but do no damage.
You headbutt the gargoyle, but do no damage.
The gargoyle is heavily damaged.
The orc hits you but does no damage.
The gargoyle hits you with a +0 morningstar!
* * * LOW HITPOINT WARNING * * *
You hit the gargoyle.
The gargoyle is severely damaged.
The orc closely misses you.
The gargoyle hurls a stone arrow at you.
The stone arrow hits you!
You die...

#...# #........
#####...########........
.............##...#.##.#
..............).........
..............##.##.##.#
####...####(#######.#.#
#...# ##.## ##....#
#..)# ##.###..#.## #.)@#
##.#.#.#.# #$)9#
##..#.#.# ....o..
##.#.#.# #####..##
#.....## .... ###....#
..... ####.. ###.# ###
..#


You could see a gargoyle and an orc.

Vanquished Creatures
  A two-headed ogre (D:7)
  A gargoyle (D:7)
  A hippogriff (D:6)
  2 hungry ghosts
  An orc warrior (D:6)
  A sky beast (D:8)
  3 ice beasts
  2 ogres
  2 centaurs
  A bullfrog (D:7)
  A gnoll sergeant (D:7)
  2 scorpions
  5 howler monkeys
  5 crimson imps
  A centaur zombie (D:8)
  A jelly (D:6)
  A gnoll shaman (D:8)
  Crazy Yiuf (D:7)
  2 orc priests
  7 hounds
  2 bullfrog skeletons
  A centaur skeleton (D:5)
  2 orc wizards (D:6)
  3 iguanas
  A hound zombie (D:6)
  6 gnolls
  7 adders
  2 shadow imps
  3 worms
  A dart slug (D:1)
  7 leopard geckos
  18 orcs
  5 bats
  5 giant cockroaches
  8 hobgoblins
  8 jackals
  3 quokkas
  6 frilled lizards
  9 goblins
  6 kobolds
  2 quokka zombies
  5 rats
151 creatures vanquished.

Vanquished Creatures (others)
  A goblin (D:2)
1 creature vanquished.

Grand Total: 152 creatures vanquished

Notes
Turn   | Place    | Note
-------+----------+-------------------------------------------
     0 | D:1      | Kobolds4U the Minotaur Fighter began the quest for the Orb.
     0 | D:1      | Reached XP level 1. HP: 19/19 MP: 0/0
   318 | D:1      | Reached XP level 2. HP: 27/27 MP: 1/1
   891 | D:2      | Found a glowing golden altar of the Shining One.
   896 | D:2      | Found a basalt altar of Yredelemnul.
   898 | D:2      | Noticed a profane servitor
   991 | D:2      | Found a glowing silver altar of Zin.
  1111 | D:2      | Reached XP level 3. HP: 34/34 MP: 2/2
  1171 | D:2      | Reached skill level 5 in Fighting
  1456 | D:2      | Noticed an angel
  1555 | D:3      | Reached XP level 4. HP: 38/42 MP: 3/3
  1850 | D:3      | Found an ornate altar of the Wu Jian Council.
  1866 | D:3      | Became a worshipper of the Wu Jian Council
  2227 | D:4      | Reached XP level 5. HP: 50/50 MP: 4/4
  2512 | D:4      | Reached * piety under Wu Jian
  2520 | D:4      | Reached XP level 6. HP: 54/60 MP: 5/5
  2717 | D:4      | Reached skill level 5 in Axes
  3059 | D:5      | Entered Level 5 of the Dungeon
  3601 | D:5      | Found an iron altar of Okawaru.
  3634 | D:5      | Got a scorched ring mail
  3645 | D:5      | Identified the +5 ring mail of Chill Winds {rC- rCorr Int+5
                  | SInv} (You found it on level 5 of the Dungeon)
  3688 | D:5      | Noticed an ice beast
  3694 | D:5      | Killed an ice beast
  3694 | D:5      | Reached XP level 7. HP: 43/69 MP: 6/6
  3883 | D:5      | Found a shadowy altar of Dithmenos.
  4198 | D:5      | Found a shimmering altar of Xom.
  4199 | D:5      | Found a radiant altar of Vehumet.
  4264 | D:6      | Noticed a hungry ghost
  4272 | D:6      | Killed a hungry ghost
  4538 | D:6      | Noticed a hippogriff
  4552 | D:6      | Killed a hippogriff
  4552 | D:6      | Reached XP level 8. HP: 35/79 MP: 7/7
  4562 | D:6      | Reached skill level 10 in Fighting
  5330 | D:7      | Reached skill level 5 in Armour
  5429 | D:7      | Got a transparent mace
  5430 | D:7      | Identified the +4 mace of the Unkillable {pain, rC+ Int+6}
                  | (You found it on level 7 of the Dungeon)
  5437 | D:7      | Found a stormy altar of Qazlal.
  5445 | D:7      | Noticed an air elemental
  5540 | D:7      | Noticed a two-headed ogre
  5546 | D:7      | Killed a two-headed ogre
  5546 | D:7      | Reached XP level 9. HP: 39/85 MP: 8/8
  5573 | D:7      | Found a staircase to the Ecumenical Temple.
  5807 | D:7      | Reached ** piety under Wu Jian
  5887 | D:7      | Noticed a gargoyle
  5895 | D:7      | Killed a gargoyle
  5895 | D:7      | Reached skill level 10 in Axes
  6087 | D:7      | Found a runed translucent door.
  6088 | D:7      | Noticed Crazy Yiuf
  6278 | D:7      | Killed Crazy Yiuf
  6684 | D:8      | Reached skill level 10 in Armour
  6696 | D:8      | Noticed a gargoyle
  6713 | D:8      | Killed from afar by a gargoyle

Skill      XL: |  1  2  3  4  5  6  7  8  9 |
---------------+----------------------------+-----
Fighting       | 4 5 6 7 8 9 10 | 10.0
Axes           | 3 4 5 6 9 10 | 10.5
Armour         | 7 10 | 10.2
Shields        | |  3.6

Action                   |  1- 3 |  4- 6 |  7- 9 || total
-------------------------+-------+-------+-------++-------
Melee: War axe           |    86 |   123 |   208 ||   417
       Headbutt          |     4 |    22 |    51 ||    77
Invok: Lunge             |       |     4 |     8 ||    12
  Use: Potion            |       |       |     1 ||     1
  Eat: Chunk             |     2 |     7 |    25 ||    34
Armor: Scale mail        |    22 |       |       ||    22
       Chain mail        |    42 |    68 |       ||   110
       Ring mail         |       |     1 |    77 ||    78
Dodge: Dodged            |    16 |    25 |    57 ||    98
Block: Shield            |    50 |    67 |    92 ||   209
